 Dungeon Crawl Stone Soup version 0.24.0-125-gc4c63601f3 (webtiles) character file.

Game seed: 7486989316340336828, levelgen mode: deterministic

88 Curus the Twirler (level 4, -1/26 HPs)
             Began as a Gargoyle Gladiator on Mar 2, 2020.
             Slain by an iguana (9 damage)
             ... on level 3 of the Dungeon.
             The game lasted 00:06:39 (2287 turns).

Curus the Twirler (Gargoyle Gladiator)              Turns: 2287, Time: 00:06:40

Health: -1/26      AC: 12    Str: 17    XL:     4   Next: 53%
Magic:  4/4        EV: 11    Int: 12    God:
Gold:   87         SH:  3    Dex: 12    Spells: 3/3 levels left

rFire    . . .     SeeInvis .   a - +0 quarterstaff
rCold    . . .     Gourm    .   (shield currently unavailable)
rNeg     + + .     Faith    .   r - +0 ring mail
rPois    ∞         Spirit   .   c - +1 helmet
rElec    +         Reflect  +   (no cloak)
rCorr    .         Harm     .   j - +0 pair of gloves
MR       .....                  h - +0 pair of boots
Stlth    +.........             m - +3 amulet of reflection
HPRegen  0.08/turn              i - +3 ring of intelligence
MPRegen  0.09/turn              o - ring of positive energy

@: no status effects
A: negative energy resistance 1, electricity resistance, unbreathing,
petrification resistance, rot immunity, AC +3
a: no special abilities


You were on level 3 of the Dungeon.
You were not hungry.

You visited 1 branch of the dungeon, and saw 3 of its levels.

You collected 87 gold pieces.

Inventory:

Hand Weapons
 a - a +0 quarterstaff (weapon)
Missiles
 d - 3 throwing nets (quivered)
Armour
 b - a +0 leather armour
 c - a +1 helmet (worn)
 h - a +0 pair of boots (worn)
 j - a +0 pair of gloves (worn)
 p - a +0 leather armour
 q - a +0 cloak
 r - a +0 ring mail (worn)
Jewellery
 g - an uncursed ring of ice
 i - a +3 ring of intelligence (left hand)
 m - a +3 amulet of reflection (around neck)
 o - a ring of positive energy (right hand)
Wands
 t - a wand of iceblast (4)
Scrolls
 e - a scroll of remove curse
 k - 2 scrolls of identify
 s - a scroll of magic mapping
Potions
 l - a potion of heal wounds
 n - a potion of curing
Comestibles
 f - 5 rations


   Skills:
 - Level 2.1 Fighting
 + Level 5.2 Staves
 - Level 1.7 Throwing
 - Level 2.4 Dodging


You had 3 spell levels left.
You didn't know any spells.
Your spell library was empty.

Dungeon Overview and Level Annotations

Branches:
Dungeon (3/15)

Altars:


Innate Abilities, Weirdness & Mutations

You are resistant to torment.
Your stone body is resilient. (AC +3)
You are immune to poison.
You resist negative energy. (rN+)
You are resistant to electric shocks. (rElec)
You can survive without breathing.
You are immune to petrification.
You are immune to rotting.


Message History

You hit the iguana but do no damage. The iguana barely misses you.
You hit the iguana but do no damage. You block the iguana's attack.
You hit the iguana but do no damage.
The iguana bites you but does no damage.
You hit the iguana.
The iguana is moderately wounded.
The iguana barely misses you.
You hit the iguana but do no damage.
The iguana is moderately wounded.
The iguana bites you.
Your ring mail prevents you from hitting the iguana.
The iguana is moderately wounded.
The iguana bites you.
You hit the iguana.
The iguana is moderately wounded.
The iguana bites you!
You hit the iguana but do no damage.
The iguana is moderately wounded.
The iguana bites you!
You die...

##8 ##8. ## (. . ##. ##.
.## #> #.. .. # #.. #.#
# #.###.< # #.##.. #####
### #.##.# ....# ##.#
##.##@###...
....###..###..†..l......
....##........#.####....
........#....#..# ..
....#####....#.## ....#
###....#.#
....##..........
.............#.#
..)............#


You could see an iguana.

Vanquished Creatures
  2 adders
  A worm (D:3)
  A dart slug (D:2)
  4 leopard geckos
  2 orcs (D:3)
  4 giant cockroaches
  10 goblins
  4 hobgoblins
  9 kobolds
  3 quokkas (D:3)
  4 ball pythons
  6 bats
  2 frilled lizards (D:1)
  2 rats
54 creatures vanquished.

Vanquished Creatures (others)
  4 toadstools (D:1)
4 creatures vanquished.

Grand Total: 58 creatures vanquished

Notes
Turn   | Place    | Note
-------+----------+-------------------------------------------
     0 | D:1      | Curus the Gargoyle Gladiator began the quest for the Orb.
     0 | D:1      | Reached XP level 1. HP: 12/12 MP: 1/1
   235 | D:1      | Reached XP level 2. HP: 12/17 MP: 2/2
   593 | D:1      | Reached skill level 4 in Staves
   939 | D:2      | Reached XP level 3. HP: 21/21 MP: 3/3
  1306 | D:2      | Found a faded altar of an unknown god.
  1828 | D:2      | Reached XP level 4. HP: 26/26 MP: 4/4
  2009 | D:3      | Reached skill level 5 in Staves
  2287 | D:3      | Slain by an iguana

Levels and vault maps discovered:
D:1:      ldierk_walled_garden_2, layout_loops_corners
D:2:      layout_basic, serial_co_window_serial, co_window_of_opportunity_a,
          co_window_corner_a, co_window_of_opportunity_a, co_window_corner_a,
          co_window_of_opportunity_a, co_window_broadway_a, co_window_paths_c,
          co_window_corner_b, co_window_paths_c, co_window_corner_ca,
          co_window_unsneaky_path_c, glass_columns_a,
          chequers_ecumenical_altar_grove, kennysheep_generic_room_9
D:3:      layout_rooms, nicolae_overflow_hidden_temple

Skill      XL: |  1  2  3  4 |
---------------+-------------+-----
Staves         | 4 5 |  5.2
Fighting       | |  2.1
Throwing       | |  1.7
Dodging        | |  2.4

Action                   |  1- 3 |  4- 6 || total
-------------------------+-------+-------++-------
Melee: Quarterstaff      |   105 |    57 ||   162
  Use: Potion            |     4 |       ||     4
       Scroll            |     8 |     2 ||    10
  Eat: Chunk             |     3 |     1 ||     4
Armor: Leather armour    |    39 |    38 ||    77
       Ring mail         |       |     6 ||     6
Dodge: Dodged            |    75 |    49 ||   124
Block: Other             |       |    15 ||    15
